AoeStats
← Adags

Scandinavia

510314348Analyzed
1v1 RM · 1d ago on Sep 30, 2026· 55m 11s· 2 players
Game mode
Random Map
Map size
Tiny (2 player)
Population
200
Speed
Normal
Resources
Standard
Victory
Conquest
Starting age
Dark Age
Ending age
Imperial Age
RankedLock teamsTeams togetherTeam positionsShared explorationLock speedFull tech treeHidden civsTurbo modeCheats
Victory
Defeat
🇮🇳 Dravidians · India
392
+13
🇹🇷 Teutons · Türkiye
334
-13
amazingkabali
9:57 Feudal Age
11:21 Wheelbarrow
10:29 Horse Collar
10:44 Double-Bit Axe
11:44 Loom
14:16 Town Watch
20:23 Castle Age
18:16 Gold Mining
18:51 Man-at-Arms
19:17 Arson
20:28 Forging
20:25 Padded Archer Armor
20:25 Scale Mail Armor
21:27 Thumb Ring
20:46 Crossbowman
22:06 Hand Cart
21:35 Long Swordsman
22:02 Gambesons
22:33 Elite Skirmisher
26:50 Bow Saw
26:43 Heavy Plow
26:36 Stone Mining
27:43 Pikeman
28:50 Squires
30:18 Fletching
31:04 Iron Casting
33:18 Herbal Medicine
42:31 Imperial Age
43:01 Elite Elephant Archer
43:03 Arbalester
43:33 Arbalester
44:56 Hoardings
44:55 Conscription
47:21 Medical Corps
46:50 Two-Handed Swordsman
48:24 Champion
49:10 Halberdier
51:20 Wootz Steel
Adags
0:31 Loom
15:52 Feudal Age
16:38 Horse Collar
18:23 Double-Bit Axe
21:30 Man-at-Arms
27:55 Town Watch
28:46 Wheelbarrow
31:04 Castle Age
31:22 Gold Mining
31:22 Stone Mining
34:22 Stone Shaft Mining
33:54 Heavy Plow
35:22 Bow Saw
39:29 Elite Skirmisher
41:08 Fletching
43:11 Squires
47:03 Padded Archer Armor
46:59 Bodkin Arrow
47:16 Forging
46:41 Pikeman
48:48 Leather Archer Armor
48:34 Scale Mail Armor
50:22 Arson
51:20 Iron Casting
51:01 Chain Mail Armor
50:53 Scale Barding Armor
Connection lost

Rejoining the realm…

Still unreachable

The connection could not be restored.

Session expired

The server has moved on; the page needs a fresh start.